 Dungeon Crawl Stone Soup version 0.21-a0-286-g6fcecc0 (webtiles) character file.

1378 Hasart the Cleaver (level 8, -2/65 HPs)
             Began as a Formicid Fighter on Sept 27, 2017.
             Was a Follower of Wu Jian.
             Killed from afar by an orc wizard (8 damage)
             ... with a puff of flame
             ... on level 6 of the Dungeon on Sept 28, 2017.
             The game lasted 00:15:59 (5672 turns).

Hasart the Cleaver (Formicid Fighter)               Turns: 5672, Time: 00:16:00

Health: -2/65      AC: 11    Str: 22    XL:     8   Next: 98%
Magic:  8/8        EV:  5    Int:  9    God:    Wu Jian [*.....]
Gold:   221        SH: 10    Dex: 10    Spells: 7/7 levels left

rFire    . . .     SeeInvis +   a - +0 war axe
rCold    . . .     Gourm    .   c - +0 shield
rNeg     . . .     Faith    .   e - +0 plate armour
rPois    +         Spirit   .   (helmet unavailable)
rElec    .         Reflect  .   (no cloak)
rCorr    .         Harm     .   (no gloves)
MR       .....                  (no boots)
Stlth    ..........             (no amulet)
HPRegen  0.20/turn              t - ring of poison resistance
MPRegen  0.11/turn              (no ring)

@: no status effects
A: permanent stasis, dig shafts and tunnels, four strong arms, antennae 3
a: Dig, Shaft Self, Renounce Religion


You were on level 6 of the Dungeon.
You worshipped Wu Jian.
Wu Jian was aware of your devotion.
You were not hungry.

You visited 2 branches of the dungeon, and saw 7 of its levels.

You collected 221 gold pieces.

Inventory:

Hand Weapons
 a - a +0 war axe (weapon)
 E - a +0 morningstar
Missiles
 F - a throwing net (quivered)
Armour
 b - a +0 scale mail
 c - a +0 shield (worn)
 e - a +0 plate armour (worn)
Jewellery
 t - a ring of poison resistance (left hand)
 y - a +3 ring of intelligence {unknown}
Wands
 v - a wand of confusion (20/48)
 G - a wand of enslavement (8/24)
 H - a wand of disintegration (9/24)
Scrolls
 g - a scroll of silence {unknown}
 i - 2 scrolls of blinking {unknown}
 k - 3 scrolls of identify {unknown}
 l - 4 scrolls of teleportation {unknown}
 n - 3 scrolls of amnesia {unknown}
 o - a scroll of enchant armour {unknown}
 q - a scroll of immolation {unknown}
 u - 5 scrolls of remove curse {unknown}
 w - 2 scrolls of noise {unknown}
 x - a scroll of random uselessness {unknown}
 z - a scroll of enchant weapon {unknown}
 C - 2 scrolls of magic mapping {unknown}
 D - a scroll of recharging {unknown}
Potions
 j - 3 potions of heal wounds {unknown}
 m - 3 potions of curing
 p - 2 potions of mutation {unknown}
 r - a potion of haste {unknown}
 s - a potion of degeneration {unknown}
 A - a potion of lignification {unknown}
 B - 2 potions of brilliance {unknown}
Comestibles
 d - 2 chunks of flesh
 f - 4 bread rations
 h - a royal jelly


   Skills:
 + Level 6.7 Fighting
 * Level 8.3 Axes
 - Level 4.2 Armour
 - Level 4.6 Shields


You had 7 spell levels left.
You didn't know any spells.

Dungeon Overview and Level Annotations

Branches:
Dungeon (6/15)             Temple (1/1) D:4

Altars:
Ashenzari
Cheibriados
Elyvilon
Fedhas
Makhleb
Nemelex Xobeh
Okawaru
Ru
Sif Muna
Trog
Uskayaw
Vehumet
Wu Jian
Xom
Yredelemnul


Innate Abilities, Weirdness & Mutations

You cannot be hasted, slowed, berserked, paralysed or teleported.
You can dig through walls and to a lower floor.
Your four strong arms can wield two-handed weapons with a shield.
You have a pair of large antennae on your head. (SInv)


Message History

Unknown command.
The orc warrior throws a stone.
The stone hits you but does no damage.
An orc comes into view. It is wielding a club.
You see here a stone.
The orc wizard miscasts a cantrip.
The orc warrior throws a stone.
The stone hits you but does no damage.
You see here a stone.
The orc warrior throws a stone.
You block the stone.
The orc wizard miscasts a cantrip.
The orc wizard gestures at you while chanting.
The magic dart hits you!
* * * LOW HITPOINT WARNING * * *
The orc wizard casts a spell at you. The puff of flame hits you!
* * * LOW HITPOINT WARNING * * *
The orc warrior throws a stone.
You block the stone.
You see here a stone.
The orc wizard points at you and mumbles some strange words.
The puff of flame hits you!
You die...

#....[(........## ###
#.#.....(..o..## ###..
###....{(oo## ###....
###..###.## ##..)... ####
#..# #....... ##.##
#....... #..#####
##...... ##(##..# ##.....
#.@..## ##.... #...##
#.... #...# ### ##...
##..## ##.## ##.. ##..#
#...### ##. #..###.....#
##..
#########...##.....###..#
#........#))###.....#..##
##..........).##..))...##


You could see an orc warrior, an orc wizard and an orc.

Vanquished Creatures
  Duvessa (D:5)
  An orc warrior (D:3)
  A black bear (D:6)
  A phantom (D:4)
  An ogre (D:5)
  Dowan (D:5)
  A howler monkey (D:6)
  3 crimson imps (D:4)
  A hound (D:6)
  3 orc priests
  A centaur zombie (D:6)
  A gnoll shaman (D:6)
  A centaur skeleton (D:5)
  2 bullfrog skeletons
  3 orc wizards
  2 iguanas (D:4)
  3 worker ants
  A killer bee zombie (D:6)
  A hound skeleton (D:4)
  3 gnolls (D:6)
  10 adders
  An ooze (D:1)
  An adder zombie (D:6)
  2 adder skeletons
  3 worms
  2 leopard geckos
  15 orcs
  2 giant cockroaches
  4 goblins
  9 hobgoblins
  9 jackals
  8 kobolds
  3 quokkas
  7 bats
  2 frilled lizards
  A leopard gecko skeleton (D:4)
  A quokka zombie (D:5)
  7 rats
119 creatures vanquished.

Notes
Turn   | Place    | Note
-------+----------+-------------------------------------------
     0 | D:1      | Hasart the Formicid Fighter began the quest for the Orb.
     0 | D:1      | Reached XP level 1. HP: 18/18 MP: 1/1
   156 | D:1      | Reached XP level 2. HP: 24/24 MP: 2/2
   295 | D:1      | Reached XP level 3. HP: 22/30 MP: 3/3
  1197 | D:2      | Found a shimmering altar of Xom.
  1496 | D:2      | Found a white marble altar of Elyvilon.
  1550 | D:2      | Reached XP level 4. HP: 37/37 MP: 4/4
  1685 | D:3      | Reached skill level 3 in Axes
  1790 | D:3      | Reached XP level 5. HP: 41/42 MP: 5/5
  2735 | D:4      | Reached XP level 6. HP: 44/49 MP: 6/6
  2746 | D:4      | Found a staircase to the Ecumenical Temple.
  2751 | Temple   | Entered the Ecumenical Temple
  2777 | Temple   | Became a worshipper of the Wu Jian Council
  2837 | D:4      | Noticed an orc warrior
  3169 | D:4      | Found a shimmering altar of Xom.
  3196 | D:4      | Reached skill level 4 in Axes
  3236 | D:4      | Noticed a phantom
  3581 | D:4      | Killed a phantom
  3581 | D:4      | Reached XP level 7. HP: 26/55 MP: 7/7
  3782 | D:3      | Reached skill level 5 in Fighting
  3782 | D:3      | Reached skill level 5 in Axes
  4535 | D:5      | Entered Level 5 of the Dungeon
  4539 | D:5      | Reached skill level 6 in Axes
  4625 | D:5      | Reached XP level 8. HP: 56/63 MP: 8/8
  4685 | D:5      | Found an ornate altar of the Wu Jian Council.
  4732 | D:5      | Noticed Duvessa
  4732 | D:5      | Noticed Dowan
  4758 | D:5      | Killed Duvessa
  4758 | D:5      | Reached skill level 7 in Axes
  4758 | D:5      | Killed Dowan
  4758 | D:5      | Reached * piety under Wu Jian
  5345 | D:6      | Reached skill level 8 in Axes
  5672 | D:6      | Killed from afar by an orc wizard

Vault maps used:
D:1:      minmay_arrival_radiant_lines, hex_tiny, minivault_14,
          minmay_hexomino_u4
D:2:      old_standard_altar, elyvilon_altar_1
D:3:      first_bread
D:4:      temple_doors_cd, led_xom_imps
D:5:      basic_altar, hangedman_decor_riveting, uniq_duvessa
D:6:      corexii_leaking_fountain,
          nicolae_gozag_cash_rules_everything_around_me
Temple:   grunt_wide_crystal_templ

Skill      XL: |  1  2  3  4  5  6  7  8 |
---------------+-------------------------+-----
Shields        | 4 |  4.6
Axes           | 3 4 6 8 |  8.3
Fighting       | 4 5 6 |  6.7
Armour         | 4 |  4.2

Action                   |  1- 3 |  4- 6 |  7- 9 || total
-------------------------+-------+-------+-------++-------
Melee: War axe           |   119 |   249 |   242 ||   610
  Use: Potion            |       |       |     3 ||     3
 Stab: Invisible         |       |       |     6 ||     6
  Eat: Chunk             |     2 |     6 |     6 ||    14
       Royal jelly       |       |       |     1 ||     1
Armor: Scale mail        |    41 |       |       ||    41
       Plate armour      |    34 |   126 |   145 ||   305
Dodge: Dodged            |    35 |    47 |    59 ||   141
Block: Shield            |    74 |   128 |   122 ||   324

Table legend:
 A = Spawn XP
 B = Non-spawn XP
 C = Spawn XP percentage of total XP
 D = Spawn monster count
 E = Non-spawn monster count
 F = Spawn count percentage of total count
 G = Total turns spent on level
                    A         B        C        D         E        F      G
               +---------+---------+-------+---------+---------+-------+---------
         Total |       0 |    1969 |   0.0 |       0 |     119 |   0.0 |  5672
               +---------+---------+-------+---------+---------+-------+---------
           D:1 |       0 |      49 |   0.0 |       0 |      27 |   0.0 |   958
           D:2 |       0 |      32 |   0.0 |       0 |      10 |   0.0 |   678
           D:3 |       0 |     307 |   0.0 |       0 |      31 |   0.0 |  1424
           D:4 |       0 |     477 |   0.0 |       0 |      16 |   0.0 |  1439
           D:5 |       0 |     515 |   0.0 |       0 |      16 |   0.0 |   559
           D:6 |       0 |     589 |   0.0 |       0 |      19 |   0.0 |   578
               +---------+---------+-------+---------+---------+-------+---------
